 Dungeon Crawl Stone Soup version 0.30-a0-840-ga523dec638 (console) character file.

Game seed: 7557739570685023714

4522 jejorda2 the Impaler (level 10, -5/76 HPs)
             Began as a Merfolk Berserker on Mar 1, 2023.
             Was an Elder of Trog.
             Slain by a two-headed ogre
             ... wielding a +0 giant club
              (12 damage)
             ... on level 9 of the Dungeon.
             The game lasted 00:16:07 (8580 turns).

jejorda2 the Impaler (Merfolk Berserker)            Turns: 8580, Time: 00:16:08

Health: -5/76      AC: 13    Str: 23    XL:     10   Next: 39%
Magic:  10/10      EV:  7    Int:  6    God:    Trog [****..]
Gold:   419        SH:  0    Dex: 13    Spells: 9/9 levels left

rFire   . . .      SeeInvis .    a - +0 glaive (flame)
rCold   + . .      Faith    +    (shield currently unavailable)
rNeg    . . .      Spirit   .    j - +0 plate armour
rPois   +          Reflect  .    (no helmet)
rElec   +          Harm     .    (no cloak)
rCorr   .          Rampage  .    m - +2 pair of gloves
Will    ++...                    k - +0 pair of boots Stlth
                                 z - amulet of faith
HPRegen 1.32/turn                t - ring of Fynorix {*Slow rElec rPois rC+}
MPRegen 0.12/turn                (no ring)

@: strong-willed (expiring), corroded, on berserk cooldown, regenerating
(expiring), slowed, very slow
A: (nimble swimmer 2), mertail
a: Renounce Religion, Berserk, Trog's Hand, Brothers in Arms


You were on level 9 of the Dungeon.
You worshipped Trog.
Trog was greatly pleased with you.
You visited 1 branch of the dungeon, and saw 9 of its levels.
You also visited: Ossuary.

You collected 419 gold pieces.

Inventory:

Hand Weapons
 a - a +0 glaive of flaming (weapon)
Missiles
 b - a curare-tipped dart
 h - 94 stones (quivered)
 i - 24 poisoned darts
 x - 5 boomerangs of dispersal
 A - a boomerang
Armour
 j - a +0 plate armour (worn)
 k - a +0 pair of boots (worn)
 m - a +2 pair of gloves (worn)
Jewellery
 t - the ring of Fynorix (left hand) {*Slow rElec rPois rC+}
   (You found it on level 8 of the Dungeon)

   [ring of poison resistance]

   rC:        It protects you from cold.
   rElec:     It insulates you from electricity.
   rPois:     It protects you from poison.
   *Slow:     It may slow you when you take damage.
 z - an amulet of faith (around neck)
Wands
 g - a wand of charming (12)
 n - a wand of iceblast (6)
 p - a wand of light (10)
 B - a wand of digging (1)
Scrolls
 e - a scroll of enchant armour
 f - 2 scrolls of magic mapping
 q - 6 scrolls of teleportation
 v - 4 scrolls of fog
 y - 2 scrolls of poison
 F - a scroll of blinking
 H - a scroll of immolation
Potions
 c - a potion of flight {unknown}
 d - a potion of invisibility {unknown}
 l - 2 potions of heal wounds {unknown}
 o - 3 potions of might
 r - 3 potions of magic
 s - 2 potions of berserk rage
 u - a potion of mutation {unknown}
 w - 4 potions of attraction
 C - 2 potions of ambrosia
 D - a potion of lignification {unknown}
 G - a potion of haste


   Skills:
 - Level 6.0 Fighting
 * Level 15.3 Polearms
 - Level 2.5 Throwing
 - Level 6.0 Armour
 - Level 2.6 Dodging


You had 9 spell levels left.
You didn't know any spells.
Your spell library was empty.

Dungeon Overview and Level Annotations

Branches:
Dungeon (9/15)             Temple (0/1) D:4         Ossuary (visited)
   Lair: D:8-11         Orc: D:9-12

Altars:
Fedhas

Annotations:
D:8 exclusion: orange crystal statue


Innate Abilities, Weirdness & Mutations

((You are very nimble when in or above water. (Stealth+, EV+, Speed+++)))
Your lower body shifts to a powerful aquatic tail in water.


Message History

You hit the wraith but do no damage.
The wraith is severely damaged.
The wraith hits you but does no damage.
You hit the wraith. You burn the wraith.
The wraith is almost destroyed.
The wraith completely misses you.
A two-headed ogre comes into view. It is wielding two +0 giant clubs.
You hit the wraith but do no damage.
The wraith is almost destroyed.
The wraith hits you but does no damage.
You barely miss the wraith.
The wraith is almost destroyed.
The wraith hits you but does no damage.
You slice the wraith!! You burn the wraith.
You destroy the wraith!
Trog accepts your kill.
You are no longer berserk.
You are exhausted.
You feel as though you will be slow longer.
Training target 6.0 for Armour reached!
Your Armour skill increases to level 6!
You slash the two-headed ogre! You burn the two-headed ogre.
The two-headed ogre is moderately wounded.
The two-headed ogre hits you with a +0 giant club!
The two-headed ogre hits you with a +0 giant club.
You slash the two-headed ogre! You burn the two-headed ogre.
The two-headed ogre is heavily wounded.
The two-headed ogre hits you with a +0 giant club!!
The two-headed ogre hits you with a +0 giant club!
* * * LOW HITPOINT WARNING * * *
You are too injured to fight recklessly!
You are too injured to fight recklessly!
You are too injured to fight recklessly!
You hit the two-headed ogre. You burn the two-headed ogre.
The two-headed ogre is severely wounded.
You feel the effects of Trog's Hand fading.
The two-headed ogre hits you with a +0 giant club!
* * * LOW HITPOINT WARNING * * *
The two-headed ogre hits you with a +0 giant club!
You die...

##### (.$.?## .....##
.....## .#####....#
#.....#o..#
(......#(.###
...8....#.#@#
8.=...8..##O##
.......Wl')..#
8.....8D.##..##
...8....#.#...#
.......#..###.#######
#.....# ..##.........
.##### ..#...#######
.##....####


You could see a two-headed ogre.

Vanquished Creatures
  Pikel (D:4)
  An ice statue (D:8)
  Sigmund (D:5)
  A wraith (D:9)
  2 wyverns
  Menkaure (D:5)
  An acid dragon (D:9)
  An orc warrior (D:9)
  5 ogres
  2 black bears
  A sky beast (D:8)
  4 centaurs
  3 lemures (D:4)
  3 bullfrogs
  2 kobold brigands
  A gnoll sergeant (D:8)
  A necrophage (D:8)
  5 wights
  A killer bee (D:6)
  2 howler monkeys (D:8)
  2 centaur zombies (Ossuary)
  6 hounds
  A human zombie (Ossuary)
  2 jellies (D:5)
  A gnoll bouda (D:6)
  2 orc priests
  Ijyb (D:5)
  Natasha (thrice) (D:2)
  Terence (D:2)
  An iguana (D:7)
  An orc wizard (D:6)
  3 ogre zombies (Ossuary)
  7 mummies (Ossuary)
  4 gnolls
  7 adders
  A shadow imp (D:7)
  A white imp (D:6)
  3 adder zombies (Ossuary)
  6 dart slugs
  21 orcs
  10 ball pythons
  8 bats
  4 endoplasms
  4 giant cockroaches (D:1)
  A gnoll zombie (Ossuary)
  10 goblins
  12 hobgoblins
  3 jackals (D:2)
  13 kobolds
  4 quokkas
  5 frilled lizards
  6 goblin zombies (Ossuary)
  2 hobgoblin zombies (Ossuary)
  7 kobold zombies (Ossuary)
  3 quokka zombies (Ossuary)
  5 rats
  2 rat zombies (Ossuary)
212 creatures vanquished.

Notes
Turn   | Place    | Note
-------+----------+-------------------------------------------
     0 | D:1      | jejorda2 the Merfolk Berserker began the quest for the Orb.
     0 | D:1      | Reached XP level 1. HP: 18/18 MP: 1/1
   105 | D:1      | Reached XP level 2. HP: 24/24 MP: 2/2
   426 | D:1      | Reached skill level 5 in Polearms
   436 | D:1      | Reached XP level 3. HP: 30/30 MP: 3/3
  1075 | D:2      | Noticed Natasha
  1086 | D:2      | Killed Natasha
  1087 | D:2      | Reached XP level 4. HP: 34/37 MP: 4/4
  1119 | D:2      | Noticed Terence
  1129 | D:2      | Killed Terence
  1130 | D:2      | Reached skill level 6 in Polearms
  1298 | D:2      | Noticed Natasha
  1314 | D:2      | Killed Natasha
  1314 | D:2      | Reached ** piety under Trog
  1315 | D:2      | Reached XP level 5. HP: 33/43 MP: 5/5
  1456 | D:2      | Noticed Natasha
  1466 | D:2      | Killed Natasha
  1783 | D:2      | Reached skill level 7 in Polearms
  2299 | D:3      | Found a blossoming altar of Fedhas.
  2788 | D:4      | Noticed an ogre
  2793 | D:4      | Killed an ogre
  2794 | D:4      | Reached skill level 5 in Fighting
  2794 | D:4      | Reached XP level 6. HP: 51/51 MP: 6/6
  3083 | D:4      | Noticed Pikel
  3108 | D:4      | Killed Pikel
  3109 | D:4      | Reached skill level 9 in Polearms
  3109 | D:4      | Reached XP level 7. HP: 57/57 MP: 7/7
  3247 | D:4      | Found a staircase to the Ecumenical Temple.
  3269 | D:4      | Reached XP level 8. HP: 50/64 MP: 8/8
  3629 | D:5      | Entered Level 5 of the Dungeon
  3762 | D:5      | Reached skill level 1 in Throwing
  3771 | D:5      | Noticed Ijyb
  3786 | D:5      | Killed Ijyb
  3787 | D:5      | Reached skill level 10 in Polearms
  3940 | D:5      | Reached *** piety under Trog
  4088 | D:5      | Noticed Sigmund
  4098 | D:5      | Killed Sigmund
  4567 | D:5      | Noticed Menkaure
  4570 | D:5      | Killed Menkaure
  4816 | D:6      | Reached skill level 11 in Polearms
  4941 | D:6      | Reached XP level 9. HP: 47/69 MP: 9/9
  5176 | D:6      | Reached skill level 12 in Polearms
  6068 | D:7      | Found a sand-covered staircase.
  6113 | Ossuary  | Entered an ossuary
  6211 | Ossuary  | Reached skill level 13 in Polearms
  6403 | Ossuary  | Reached **** piety under Trog
  6859 | D:7      | Reached skill level 5 in Armour
  6910 | D:7      | Identified the +4 war axe "Z" {flame, rF+ rCorr Int-3 SInv}
  7562 | D:8      | Noticed an orange crystal statue
  7590 | D:8      | Noticed an ice statue
  7590 | D:8      | Found the amulet of the Air {Inacc Air Fly rElec RMsl}
  7600 | D:8      | Killed an ice statue
  7601 | D:8      | Reached skill level 14 in Polearms
  7601 | D:8      | Reached XP level 10. HP: 70/76 MP: 10/10
  8184 | D:8      | Identified the ring of Fynorix {*Slow rElec rPois rC+}
  8561 | D:9      | Reached skill level 15 in Polearms
  8574 | D:9      | Noticed a two-headed ogre
  8580 | D:9      | Slain by a two-headed ogre

Illustrated notes

Levels and vault maps discovered:
D:1:      nzn_arrival_depleted_hourglass, layout_loops_ring, hex_large,
          moated_statue
D:2:      layout_loops_cross, uniq_natasha, uniq_terence
D:3:      layout_basic, fedhas_altar_2
D:4:      nicolae_cairo_tiling_large_dashed, layout_basic, temple_fountains,
          uniq_pikel
D:5:      layout_layer_cave, saegor_snake_ambush, uniq_menkaure, uniq_ijyb,
          uniq_sigmund
D:6:      kennysheep_spiral_hall, layout_basic
D:7:      layout_basic, enter_ossuary_1
D:8:      minmay_separated_statues, layout_basic
D:9:      kennysheep_ambush_hall, layout_loops_ring, lemuel_crystal_altar,
          lemuel_coloured_pillars_altar, tgw_kikubaaqudgha, glass_columns_a,
          st_stairs_5, chequers_serial_rivers_small_3,
          hangedman_decor_diamond_cutter

Skill      XL: |  1  2  3  4  5  6  7  8  9 10 |
---------------+-------------------------------+-----
Polearms       | 5 6 7 9 11 14 15 | 15.3
Fighting       | 4 5 6 |  6.0
Armour         | 2 3 5 6 |  6.0
Throwing       | 2 |  2.5
Dodging        | |  2.6

Action                     |  1- 3 |  4- 6 |  7- 9 | 10-12 || total
---------------------------+-------+-------+-------+-------++-------
  Melee: Spear             |   125 |   186 |       |       ||   311
         Punch             |     1 |     1 |       |       ||     2
         Trident           |       |    15 |    98 |       ||   113
         Glaive            |       |       |   245 |    69 ||   314
         Tailslap          |       |       |     1 |       ||     1
  Throw: Dart              |       |       |     8 |       ||     8
         Stone             |       |       |    11 |       ||    11
 Invoke: Berserk           |     1 |     4 |     7 |     1 ||    13
         Trog's Hand       |       |     2 |     2 |     1 ||     5
    Use: Scroll            |       |       |    21 |     1 ||    22
 Armour: Animal skin       |     1 |       |       |       ||     1
         Chain mail        |    34 |    64 |    35 |       ||   133
         Plate armour      |       |       |   158 |    39 ||   197
  Dodge: Dodged            |    34 |    28 |    97 |    18 ||   177

Table legend: (Time is in decaauts)
 A = Elapsed time spent in this place.
 B = Non-inter-level travel time spent in this place.
 C = Inter-level travel time spent in this place.
 D = Time resting spent in this place.
 E = Time spent auto-exploring this place.
 F = Levels seen in this place.
 G = Mean time per level.
                   A        B        C        D        E       F      G
               +--------+--------+--------+--------+--------+-----+--------+
         Total |   8604 |   8196 |    408 |   1022 |   5723 |  10 |  860.4 |
       Dungeon |   7920 |   7512 |    408 |    773 |   5464 |   9 |  880.0 |
       Ossuary |    683 |    683 |      0 |    249 |    259 |   1 |  683.0 |
               +--------+--------+--------+--------+--------+-----+--------+

Top non-repeatable levels by time:
     D:6: 1238 daAuts
     D:5: 1153 daAuts
     D:1: 1095 daAuts
     D:3: 1059 daAuts
     D:7: 1003 daAuts
     D:8: 850 daAuts
     D:2: 736 daAuts
     D:4: 727 daAuts
 Ossuary: 683 daAuts
     D:9: 56 daAuts
